AoeStats
← EMPEROR98265292

Arena

510028471Analyzed
1v1 RM · 3d ago on Sep 29, 2026· 41m 39s· 2 players
Game mode
Random Map
Map size
Tiny (2 player)
Population
200
Speed
Normal
Resources
Standard
Victory
Conquest
Starting age
Dark Age
Ending age
Imperial Age
RankedLock teamsTeams togetherTeam positionsShared explorationLock speedFull tech treeHidden civsTurbo modeCheats
Victory
Defeat
🇨🇴 Cumans · Colombia
1586
+11
🇮🇳 Saxons · India
1485
-11
EMPEROR98265292
10:09 Feudal Age
14:15 Castle Age
12:30 Double-Bit Axe
13:22 Horse Collar
19:00 Loom
22:35 Scale Mail Armor
23:48 Crossbowman
24:20 Fletching
25:08 Squires
25:15 Bodkin Arrow
26:11 Chain Mail Armor
29:14 Wheelbarrow
29:02 Forging
36:28 Gambesons
37:32 Padded Archer Armor
39:01 Ballistics
40:08 Iron Casting
Volrath
8:25 Feudal Age
9:18 Feudal Age
9:46 Double-Bit Axe
9:42 Horse Collar
15:19 Wheelbarrow
16:25 Loom
19:32 Castle Age
17:40 Town Watch
18:27 Gold Mining
19:33 Bloodlines
20:22 Bow Saw
20:33 Hand Cart
20:44 Heavy Plow
20:25 Light Cavalry
20:52 Capped Ram
21:44 Fletching
22:57 Ballistics
23:26 Gold Shaft Mining
23:30 Forging
23:38 Bodkin Arrow
25:03 Thumb Ring
26:23 Scale Barding Armor
27:20 Padded Archer Armor
28:47 Leather Archer Armor
30:32 Chain Barding Armor
30:47 Iron Casting
30:41 Stone Mining
31:02 Town Patrol
35:29 Imperial Age
32:33 Elite Skirmisher
37:11 Chemistry
37:12 Two-Man Saw
36:49 Ring Archer Armor
37:03 Parthian Tactics
36:28 Heavy Cavalry Archer
38:28 Conscription
38:09 Steppe Husbandry
39:41 Plate Barding Armor
39:55 Guilds
40:02 Hussar
42:07 Cuman Mercenaries
42:46 Hoardings
Connection lost

Rejoining the realm…

Still unreachable

The connection could not be restored.

Session expired

The server has moved on; the page needs a fresh start.